 Dungeon Crawl Stone Soup version 0.29.1-12-g30fa7ad0bf (webtiles) character file.

Game seed: 15727933351138738353

1971 nightchill the Cleaver (level 9, -15/74 HPs)
             Began as a Formicid Fighter on Jan 10, 2023.
             Demolished by a two-headed ogre
             ... wielding a +0 giant club
              (23 damage)
             ... on level 7 of the Dungeon.
             The game lasted 00:17:34 (7839 turns).

nightchill the Cleaver (Formicid Fighter)           Turns: 7839, Time: 00:17:35

Health: -15/74     AC:  6    Str: 25    XL:     9   Next: 43%
Magic:  9/9        EV:  9    Int:  8    God:
Gold:   308        SH:  5    Dex: 13    Spells: 8/8 levels left

rFire   . . .      SeeInvis +   k - +3 war axe (elec)
rCold   . . .      Faith    .   c - +0 buckler
rNeg    . . .      Spirit   .   b - +0 scale mail
rPois   .          Reflect  .   (helmet unavailable)
rElec   .          Harm     .   (no cloak)
rCorr   .          Rampage  .   (no gloves)
Will    .....                   (no boots)
Stlth   ..........              (no amulet)
HPRegen 0.22/turn               (no ring)
MPRegen 0.11/turn               (no ring)

@: no status effects
A: permanent stasis, dig shafts and tunnels, antennae 3, four strong arms
a: Dig, Shaft Self


You were on level 7 of the Dungeon.
You visited 2 branches of the dungeon, and saw 8 of its levels.
You also visited: Sewer.

You collected 308 gold pieces.

Inventory:

Hand Weapons
 a - a +0 war axe
 k - a +3 war axe of electrocution (weapon)
Missiles
 m - 2 throwing nets
 p - 19 poisoned darts
 s - 2 datura-tipped darts
Armour
 b - a +0 scale mail (worn)
 c - a +0 buckler (worn)
Jewellery
 f - a ring of flight
 r - a ring of magical power
Scrolls
 e - 2 scrolls of enchant weapon {unknown}
 g - 2 scrolls of fear
 h - 2 scrolls of teleportation {unknown}
 o - 2 scrolls of enchant armour {unknown}
 t - a scroll of noise
 u - a scroll of summoning
Potions
 d - a potion of invisibility
 i - a potion of mutation
 j - a potion of magic {unknown}
 l - a potion of flight
 n - a potion of berserk rage {unknown}
 q - 2 potions of curing


   Skills:
 + Level 8.1 Fighting
 * Level 9.8 Axes
 - Level 3.2 Armour
 - Level 4.0 Shields


You had 8 spell levels left.
You didn't know any spells.
Your spell library was empty.

Dungeon Overview and Level Annotations

Branches:
Dungeon (7/15)             Temple (1/1) D:4           Sewer (visited)

Altars:
Ashenzari
Cheibriados
Dithmenos
Elyvilon
Fedhas
Gozag
Kikubaaqudgha
Makhleb
Nemelex Xobeh
Okawaru
Qazlal
Ru
Sif Muna
Uskayaw
Vehumet
Xom
Yredelemnul
Zin
The Shining One

Annotations:
D:4 1 runed translucent door, exclusion: upstairs, Crazy Yiuf
D:7 1 transporter, gargbit's ghost, novice OpFi


Innate Abilities, Weirdness & Mutations

You cannot be hasted, slowed, berserked, paralysed or teleported.
You can dig through walls and to a lower floor.
You have a pair of large antennae on your head. (SInv)
Your four strong arms can wield two-handed weapons with a shield.


Message History

You slash the hound! Lightning courses through the hound!
You kill the hound!
You see here a hound corpse.
Found 4 stones.
Found a transporter.
The iguana hisses angrily.
Found 13 gold pieces.
o - 2 scrolls labelled EJAMPA SIQEWN (gained 1)
You sense a monster nearby.
The black bear growls angrily.
You hear a shout! x2
You sense a monster nearby.
Found 3 gold pieces and runed steam dragon scales.
The orc wizard shouts! x2; You hear a croak.
Found 6 stones.
Found a robe.
You sense a monster nearby.
Gargbit's ghost turns its malevolent gaze towards you.
You sense a monster nearby.
A two-headed ogre comes into view. It is wielding two +0 giant clubs.
The two-headed ogre shouts in stereo!
A two-headed ogre is nearby!
A two-headed ogre is nearby!
Found a scroll of identify.
The bullfrog releases a deep croak.
You barely miss the two-headed ogre. The two-headed ogre closely misses you.
The two-headed ogre hits you with a +0 giant club!!
You slice the two-headed ogre!!
Lightning courses through the two-headed ogre!
The two-headed ogre is severely wounded.
You hit the two-headed ogre but do no damage.
The two-headed ogre is severely wounded.
The two-headed ogre hits you with a +0 giant club!!
* * * LOW HITPOINT WARNING * * *
The two-headed ogre completely misses you.
You barely miss the two-headed ogre.
The two-headed ogre is severely wounded.
The two-headed ogre hits you with a +0 giant club!
* * * LOW HITPOINT WARNING * * *
The two-headed ogre hits you with a +0 giant club!!
You die...

#. #.# #.# ### #.###.#
#..##.# #..#..### #.......##
## #....@O..## .#
####..#####..## .#
####....##ouh##..##
.#####......##W###o##..# {
.##....##..##..FgloF##.....O.
.....###..##8~...$~.8##.[....
..##.##..##$~#.###$#~( #.....
.###.#..##....##h.#..?. #....
## #....#{#{.##.h.##. ....


You could see a red ugly thing, a two-headed ogre, 2 black bears, a gnoll
sergeant, 2 bullfrogs, an iguana, 2 orc wizards, gargbit's ghost and an orc.

Vanquished Creatures
  A wyvern (D:5)
  Eustachio (D:4)
  Menkaure (D:6)
  Edmund (D:6)
  A sky beast (D:6)
  An ice beast (D:6)
  Pargi (Sewer)
  A kobold brigand (D:6)
  2 scorpions (D:4)
  A bullfrog (D:6)
  A wight (D:6)
  A howler monkey (D:5)
  8 hounds
  2 orc priests (D:5)
  3 jellies
  8 iguanas
  An orc wizard (D:5)
  4 gnolls (D:3)
  A river rat (D:3)
  7 adders
  5 worms
  2 dart slugs
  10 orcs
  9 endoplasms
  5 giant cockroaches
  5 goblins
  6 hobgoblins
  7 jackals (D:4)
  6 quokkas
  3 ball pythons
  4 bats
  3 frilled lizards
  11 kobolds
  6 rats
129 creatures vanquished.

Notes
Turn   | Place    | Note
-------+----------+-------------------------------------------
     0 | D:1      | nightchill the Formicid Fighter began the quest for the
                  | Orb.
     0 | D:1      | Reached XP level 1. HP: 18/18 MP: 1/1
   288 | D:1      | Reached XP level 2. HP: 14/24 MP: 2/2
   474 | D:1      | Found a faded altar of an unknown god.
   948 | D:2      | Reached skill level 3 in Axes
   948 | D:2      | Reached XP level 3. HP: 30/30 MP: 3/3
  1115 | D:2      | Found a sacrificial altar of Ru.
  1166 | D:2      | Reached XP level 4. HP: 37/37 MP: 4/4
  1620 | D:3      | Found a glowing drain.
  1653 | D:3      | Reached skill level 4 in Axes
  1688 | Sewer    | Entered a sewer
  1791 | Sewer    | Noticed Pargi
  1797 | Sewer    | Killed Pargi
  1798 | Sewer    | Reached XP level 5. HP: 39/43 MP: 5/5
  2054 | D:4      | Reached skill level 5 in Axes
  2054 | D:4      | Reached XP level 6. HP: 21/48 MP: 6/6
  2254 | D:4      | Reached skill level 5 in Fighting
  2663 | D:4      | Reached XP level 7. HP: 49/56 MP: 7/7
  2830 | D:4      | Reached skill level 6 in Axes
  2838 | D:4      | Found a staircase to the Ecumenical Temple.
  2846 | Temple   | Entered the Ecumenical Temple
  4319 | D:4      | Found a runed translucent door.
  4320 | D:4      | Noticed Crazy Yiuf
  4664 | D:5      | Entered Level 5 of the Dungeon
  4717 | D:5      | Noticed a wyvern
  4738 | D:5      | Killed a wyvern
  4739 | D:5      | Reached skill level 7 in Axes
  4739 | D:5      | Reached XP level 8. HP: 7/65 MP: 8/8
  5036 | D:5      | Noticed Eustachio
  5068 | D:4      | Killed Eustachio
  5435 | D:5      | Found a snail-covered altar of Cheibriados.
  5621 | D:5      | Reached skill level 8 in Axes
  6355 | D:6      | Noticed Edmund
  6355 | D:6      | Noticed Menkaure
  6369 | D:6      | Killed Menkaure
  6374 | D:6      | Killed Edmund
  6375 | D:6      | Reached XP level 9. HP: 10/72 MP: 9/9
  6778 | D:6      | Reached skill level 9 in Axes
  7803 | D:7      | Found a transporter.
  7806 | D:7      | Noticed a red ugly thing
  7822 | D:7      | Noticed gargbit's ghost (novice OpFi)
  7825 | D:7      | Noticed a two-headed ogre
  7839 | D:7      | Demolished by a two-headed ogre

Illustrated notes

Levels and vault maps discovered:
D:1:      nzn_arrival_crosshair, layout_loops_ring,
          ebering_ecumenical_altar_rust
D:2:      layout_rooms, basic_altar, small_statue_intersection,
          dreamdust_mushroom_princess
D:3:      layout_loops_ring, gup_sewer_entry_bubbles, minmay_misc_feat_plants
D:4:      layout_loops_ring, minmay_temple_entry_mini_moons,
          uniq_crazy_yiuf_cottage
D:5:      layout_basic, mainiacjoe_overflow_small_starburst, uniq_eustachio
D:6:      minmay_angry_zag, layout_cave_pods, chequers_serial_rivers_micro_d,
          uniq_edmund, uniq_menkaure
D:7:      layout_cave_pods, nzn_ghost_randoct
Temple:   nicolae_temple_two_arcs

Skill      XL: |  1  2  3  4  5  6  7  8  9 |
---------------+----------------------------+-----
Axes           | 3 4 5 7 8 9 |  9.8
Fighting       | 4 5 6 7 8 |  8.1
Armour         | |  3.2
Shields        | |  4.0

Action                   |  1- 3 |  4- 6 |  7- 9 || total
-------------------------+-------+-------+-------++-------
Melee: War axe           |    68 |   150 |   249 ||   467
 Abil: Dig               |       |     1 |     2 ||     3
  Use: Potion            |       |     1 |     3 ||     4
       Scroll            |       |       |     8 ||     8
Armor: Scale mail        |    30 |    43 |    82 ||   155
Dodge: Dodged            |    31 |    67 |   103 ||   201
Block: Buckler           |    16 |    42 |    56 ||   114
